 Dungeon Sprint DCSS version 0.22.2-1-ge965b3a (webtiles) character file.

2100000 Fang the Slayer (level 15, -3/144 HPs)
             Began as a Demonspawn Gladiator on Apr 3, 2019.
             Was a Believer of Makhleb.
             Slain by a meat berserker
             ... wielding a +9 battleaxe
              (78 damage)
             ... in the Dungeon (Sprint VIII: "Arena of Blood").
             The game lasted 00:00:26 (21 turns).

Fang the Slayer (Demonspawn Gladiator)                Turns: 21, Time: 00:00:27

Health: -3/144     AC:  3    Str: 21    XL:     15   Next: 20%
Magic:  15/15      EV: 25    Int: 10    God:    Makhleb [**....]
Gold:   0          SH:  0    Dex: 14    Spells: 14/14 levels left

rFire    . . .     SeeInvis +   l - +∞ Axe of Woe
rCold    + . .     Gourm    .   (shield currently unavailable)
rNeg     . . .     Faith    .   b - +0 leather armour
rPois    .         Spirit   .   (helmet unavailable)
rElec    .         Reflect  .   (no cloak)
rCorr    .         Harm     .   (no gloves)
MR       +....     NoTele   +   (boots unavailable)
Stlth    +.........             (no amulet)
HPRegen  0.34/turn              (no ring)
MPRegen  0.14/turn              (no ring)

@: no status effects
A: antennae 3, claws 2, talons 3, cold resistance 1
a: Minor Destruction, Renounce Religion


You were in the Dungeon.
You worshipped Makhleb.
Makhleb was pleased with you.
You were not hungry.

You visited 1 branch

Inventory:

Hand Weapons
 a - a +0 war axe
 l - the +∞ Axe of Woe (weapon)
   (You found it in the Dungeon)
Missiles
 d - 3 throwing nets (quivered)
Armour
 b - a +0 leather armour (worn)
 c - a +0 helmet
Scrolls
 k - a scroll of blinking
Potions
 e - a potion of curing
 g - a potion of heal wounds
 h - a potion of haste
 i - 2 potions of magic
 j - a potion of berserk rage
Comestibles
 f - a ration


   Skills:
 + Level 21.2 Fighting
 + Level 19.8 Axes
 + Level 19.7 Throwing
 + Level 19.8 Dodging


You had 14 spell levels left.
You didn't know any spells.
Your spell library was empty.

Dungeon Overview and Level Annotations

Branches:
Dungeon (1/1)

Altars:
Makhleb


Innate Abilities, Weirdness & Mutations

You have a pair of large antennae on your head. (SInv)
You have very sharp fingernails.
You have claws for feet.
Your flesh is cold resistant. (rC+)


Message History

You hear a shout!
You hit the bag of meat.
You butcher the bag of meat messily.
You kill the bag of meat!
Makhleb accepts your kill.
You can now harness Makhleb's destructive might.
Your Fighting skill increases to level 21!
Your Throwing skill increases to level 19!
You have reached level 15!
Your experience leads to an increase in your attributes!
Increase (S)trength, (I)ntelligence, or (D)exterity?
You feel stronger.
Your demonic ancestry asserts itself...
Your fingernails sharpen.
You hear a shout! x8
A large bag of meat comes into view. It is wielding a +9 giant spiked club.
You hear a shout! x3
A bag of meat comes into view. It is wielding a +9 war axe.
You hear a shout!
The meat berserker hits you with a +9 battleaxe!!!!
Ouch! That really hurt!
You die...

............
...........
.......o...
......o...
#.....o.# ..
#.......# ..
...###....O..###...
........###@O......
#.o...))._.........
...#.....#......
#_)<._#.O....
#O....# .....
....._.....oo..
......###.......O
..###... ...###.o.
. #... ...#


You could see 2 large bags of meat, 3 meat berserkers and 6 bags of meat.

Vanquished Creatures
  An ogre (D)
  4 orcs (D)
5 creatures vanquished.

Notes
Turn   | Place    | Note
-------+----------+-------------------------------------------
     0 | D        | Found the +∞ Axe of Woe
     0 | D        | Fang the Demonspawn Gladiator began the quest for the Orb.
     0 | D        | Reached XP level 1. HP: 16/16 MP: 1/1
     3 | D        | Noticed a bag of meat
     4 | D        | Became a worshipper of Makhleb the Destroyer
     4 | D        | Noticed a bag of meat
     5 | D        | Noticed a bag of meat
     5 | D        | Noticed a bag of meat
     6 | D        | Killed a bag of meat
     6 | D        | Reached skill level 14 in Fighting
     6 | D        | Gained mutation: Your flesh is cold resistant. (rC+)
                  | [demonic ancestry]
     6 | D        | Reached XP level 2. HP: 6/43 MP: 2/2
     6 | D        | Gained mutation: You have sharp toenails. [demonic
                  | ancestry]
     6 | D        | Reached XP level 3. HP: 6/49 MP: 3/3
     6 | D        | Gained mutation: You have sharp fingernails. [demonic
                  | ancestry]
     6 | D        | Reached XP level 4. HP: 7/56 MP: 4/4
     6 | D        | Reached XP level 5. HP: 8/62 MP: 5/5
     6 | D        | Reached XP level 6. HP: 9/69 MP: 6/6
     6 | D        | Reached XP level 7. HP: 10/75 MP: 7/7
     6 | D        | Gained mutation: You have a pair of small antennae on your
                  | head. [demonic ancestry]
     6 | D        | Reached XP level 8. HP: 11/82 MP: 8/8
     6 | D        | Gained mutation: You have a pair of antennae on your head.
                  | [demonic ancestry]
     6 | D        | Reached XP level 9. HP: 12/88 MP: 9/9
     6 | D        | Reached XP level 10. HP: 13/95 MP: 10/10
     6 | D        | Gained mutation: You have razor-sharp toenails. [demonic
                  | ancestry]
     6 | D        | Reached XP level 11. HP: 14/101 MP: 11/11
     9 | D        | HP: 5/101 [bag of meat/+9 war axe (10)]
    10 | D        | Killed a bag of meat
    10 | D        | Reached * piety under Makhleb
    10 | D        | Reached skill level 16 in Fighting
    10 | D        | Reached skill level 15 in Axes
    10 | D        | Reached skill level 15 in Throwing
    10 | D        | Reached skill level 15 in Dodging
    10 | D        | Gained mutation: You have claws for feet. [demonic
                  | ancestry]
    10 | D        | Reached XP level 12. HP: 6/113 MP: 12/12
    10 | D        | Noticed a meat berserker
    11 | D        | Killed a bag of meat
    11 | D        | Reached skill level 18 in Fighting
    11 | D        | Reached XP level 13. HP: 60/122 MP: 13/13
    13 | D        | Killed a meat berserker
    13 | D        | Reached skill level 20 in Fighting
    13 | D        | Gained mutation: You have a pair of large antennae on your
                  | head. (SInv) [demonic ancestry]
    13 | D        | Reached XP level 14. HP: 68/136 MP: 14/14
    14 | D        | Noticed a bag of meat
    16 | D        | Noticed a bag of meat
    19 | D        | Noticed a bag of meat
    19 | D        | Noticed a meat berserker
    19 | D        | Noticed a meat berserker
    19 | D        | Noticed a meat berserker
    19 | D        | Noticed a bag of meat
    19 | D        | Noticed a bag of meat
    20 | D        | Noticed a bag of meat
    20 | D        | Noticed a bag of meat
    20 | D        | Noticed a large bag of meat
    21 | D        | Killed a bag of meat
    21 | D        | Reached ** piety under Makhleb
    21 | D        | Reached skill level 21 in Fighting
    21 | D        | Gained mutation: You have very sharp fingernails. [demonic
                  | ancestry]
    21 | D        | Reached XP level 15. HP: 75/144 MP: 15/15
    21 | D        | Noticed a large bag of meat
    21 | D        | Slain by a meat berserker

Skill      XL: |  1  2  3  4  5  6  7  8  9 10 11 12 13 14 |
---------------+-------------------------------------------+-----
Fighting       | 14 16 18 20 21 | 21.2
Axes           | 13 15 17 19 | 19.8
Throwing       | 13 15 16 18 19 | 19.7
Dodging        | 13 15 17 19 | 19.8

Action                   |  1- 3 |  4- 6 |  7- 9 | 10-12 | 13-15 || total
-------------------------+-------+-------+-------+-------+-------++-------
Melee: Executioner's axe |     1 |       |       |     2 |     2 ||     5
Dodge: Dodged            |       |       |       |       |     2 ||     2
